Map: Catalyst LE

Players

PROvYv

  • Race: Zerg Zerg
  • League: Master
  • Spawn Location: 11:00

FLORENCIO - Winner!

  • Race: Protoss Protoss
  • League: Diamond
  • Spawn Location: 5:00

VOD

Have the link to the VOD?

Description

Time

  • Played on: Jan. 3, 2018, 11:07 p.m.
  • Length: 27:27
Show
View Real Time Build Order
Export as new Build Order

PROvYv Zerg 

Build Orders: Pool First, Zergling Baneling 

Get SALT Encoding   

  12  0:02  Drone  
  13  0:09  Drone  
  14  0:17  Overlord  
  14  0:35  Drone x3  
  16  0:40  Extractor  
  16  0:50  Spawning Pool  
  16  0:51  Drone  
  16  1:00  Drone  
  17  1:24  Drone  
  17  1:25  Overlord  
  18  1:41  Zergling x4  
  20  1:48  Hatchery  
  20  1:50  Queen  
  21  1:56  Metabolic Boost  
  21  2:04  Evolution Chamber  
  21  2:07  Drone  
  21  2:10  Drone  
  22  2:32  Zergling x4  
  24  2:39  Zerg Melee Weapons Level 1  
  24  2:41  Zergling x2  
  25  2:46  Zergling x2  
  26  2:55  Overlord  
  26  3:01  Zergling x4  
  26  3:03  Zergling x4  
  30  3:13  Zergling x4  
  32  3:22  Zergling x2  
  33  3:38  Zergling x6  
  36  3:51  Baneling Nest  
  35  3:58  Hatchery  
  32  4:04  Zergling x8  
  36  4:17  Zergling x2  
  35  4:32  Zergling x2  
  35  4:37  Baneling x5  
  35  4:38  Baneling  
  35  4:43  Baneling x5  
  35  4:50  Zergling x2  
  35  4:51  Zergling x2  
  37  4:54  Baneling  
  37  5:00  Baneling  
  37  5:01  Zergling x2  
  31  5:33  Roach Warren  
  28  5:53  Drone x3  
  28  5:55  Extractor  
  28  6:14  Zergling x2  
  28  6:23  Zergling x2  
  28  6:24  Zergling x6  
  32  6:35  Baneling  
  32  6:36  Baneling x9  
  32  6:37  Zergling x2  
  33  6:44  Hatchery  
  33  6:46  Zergling x2  
  33  6:52  Zergling x6  
  36  7:01  Zergling x2  
  33  7:27  Zergling x6  
  32  7:35  Queen  
  31  7:38  Baneling x4  
  31  7:39  Baneling  
  31  7:55  Zergling x4  
  31  7:56  Zergling x8  
  28  8:27  Queen x2  
  28  8:32  Baneling x3  
  30  8:36  Baneling x2  
  30  8:38  Spore Crawler  
  29  8:44  Spore Crawler  
  29  8:47  Drone  
  29  8:54  Drone  
  28  9:03  Queen  
  26  9:17  Roach x2  
  26  9:18  Roach  
  32  9:31  Lair  
  32  9:35  Zergling x2  
  33  9:39  Ravager  
  33  9:45  Drone  
  35  9:46  Drone  
  35  9:48  Ravager  
  37  10:05  Ravager  
  37  10:56  Hatchery  
  36  11:27  Zergling x8  
  36  11:28  Zergling x8  
  36  11:31  Hatchery  
  43  11:40  Drone, Zerg Missile Weapons Level 1  
  44  12:01  Baneling x2  
  44  12:02  Baneling  
  44  12:03  Baneling  
  44  12:21  Overlord x2  
  36  12:42  Hydralisk Den  
  35  12:47  Queen  
  37  12:53  Queen  
  36  13:45  Extractor  
  36  13:46  Drone x2  
  36  13:47  Drone x5, Extractor  
  41  14:16  Hatchery  
  40  14:41  Hydralisk  
  40  14:42  Hydralisk x2  
  46  15:02  Hydralisk Den  
  46  15:06  Zerg Missile Weapons Level 2  
  45  15:25  Drone x4  
  49  15:31  Drone  
  50  15:38  Drone  
  51  15:46  Drone x2  
  53  15:55  Drone x2  
  48  16:04  Drone  
  48  16:08  Drone  
  50  16:18  Drone x2  
  52  16:21  Drone  
  52  16:25  Drone  
  54  16:28  Drone  
  55  16:34  Drone  
  55  16:36  Drone  
  57  16:43  Drone x2  
  57  16:45  Drone  
  60  16:47  Drone  
  61  17:05  Hydralisk x2  
  53  17:35  Spire  
  52  17:37  Drone x2  
  52  17:38  Drone  
  52  17:40  Drone x3  
  58  17:46  Zerg Ground Armor Level 1  
  58  17:54  Muscular Augments  
  58  18:02  Drone x2  
  60  18:22  Overlord x2  
  60  18:48  Mutalisk x7  
  74  19:00  Mutalisk x2  
  78  19:08  Mutalisk  
  80  19:10  Mutalisk  
  82  19:26  Overlord  
  82  19:27  Overlord  
  82  19:39  Hatchery  
  81  19:48  Corruptor  
  83  20:11  Corruptor x2  
  87  20:16  Zergling x8  
  87  20:17  Zergling x2  
  92  20:26  Zerg Flyer Weapons Level 1  
  84  20:55  Corruptor  
  84  20:56  Zergling x6  
  84  20:57  Zergling x16  
  93  21:07  Mutalisk  
  61  21:45  Hydralisk  
  61  21:46  Hydralisk x4  
  54  21:57  Zergling x10  
  54  21:58  Zergling x6  
  62  22:09  Zergling x4  
  62  22:10  Zergling x4  
  60  22:23  Baneling x5  
  60  22:24  Overseer, Baneling  
  60  22:34  Hydralisk  
  54  22:44  Hydralisk  
  54  22:57  Queen  
  51  23:08  Baneling  
  51  23:09  Baneling x3  
  51  23:10  Zergling x6  
  51  23:11  Zergling x2  
  54  23:23  Hydralisk  
  54  23:24  Zergling x2  
  40  23:49  Zergling x4  
  40  23:50  Zergling x12  
  48  24:00  Zergling x2  
  49  24:17  Baneling x6  
  50  24:24  Zergling x10  
  40  24:52  Zergling x12  
  43  25:41  Zergling x2  
  43  25:42  Zergling x12  
  43  25:43  Zergling x4  
  45  26:05  Baneling x3  
  45  26:06  Baneling x3  
Show
View Real Time Build Order
Export as new Build Order

FLORENCIO Protoss - Winner!

Build Orders:  

Get SALT Encoding   

  12  0:01  Probe (Chrono Boost)  
  13  0:12  Probe (Chrono Boost)  
  14  0:17  Probe (Chrono Boost)  
  15  0:32  Pylon  
  15  0:50  Probe  
  16  0:59  Forge  
  16  1:02  Probe (Chrono Boost)  
  17  1:15  Probe (Chrono Boost)  
  18  1:18  Pylon  
  18  1:31  Probe  
  19  1:34  Gateway  
  19  1:36  Photon Cannon  
  19  1:37  Pylon  
  19  1:43  Probe  
  20  1:56  Probe  
  20  2:01  Pylon  
  21  2:06  Assimilator  
  21  2:08  Probe  
  22  2:09  Assimilator  
  22  2:20  Probe, Photon Cannon  
  23  2:32  Probe (Chrono Boost)  
  23  2:36  Photon Cannon  
  24  2:39  Photon Cannon  
  24  2:41  Probe (Chrono Boost)  
  26  2:55  Pylon  
  25  3:10  Probe  
  26  3:15  Photon Cannon  
  26  3:38  Cybernetics Core  
  26  3:42  Nexus  
  26  3:43  Pylon  
  26  3:48  Pylon  
  26  3:52  Photon Cannon  
  26  4:01  Photon Cannon  
  26  4:10  Pylon  
  26  4:35  Photon Cannon  
  26  4:37  Photon Cannon  
  26  4:39  Photon Cannon  
  26  4:52  Photon Cannon  
  26  4:56  Photon Cannon  
  26  5:01  Shield Battery  
  26  5:07  Probe  
  26  5:09  Assimilator  
  27  5:14  Assimilator  
  27  5:17  Photon Cannon  
  27  5:19  Probe  
  28  5:31  Probe  
  23  5:44  Stargate  
  23  5:49  Stargate  
  23  5:57  Photon Cannon  
  23  6:08  Probe  
  24  6:17  Pylon  
  24  6:21  Probe  
  25  6:37  Void Ray  
  29  6:47  Pylon  
  29  6:56  Void Ray  
  33  7:07  Gateway  
  26  7:37  Forge  
  26  7:47  Phoenix  
  26  7:49  Phoenix  
  30  7:53  Probe (Chrono Boost)  
  31  8:02  Probe (Chrono Boost)  
  20  8:28  Probe  
  21  8:40  Probe (Chrono Boost)  
  22  8:51  Probe (Chrono Boost)  
  23  8:55  Probe (Chrono Boost)  
  18  9:21  Probe  
  19  9:33  Probe (Chrono Boost)  
  20  9:45  Probe (Chrono Boost)  
  22  9:53  Probe (Chrono Boost)  
  23  10:00  Probe (Chrono Boost)  
  22  10:27  Probe (Chrono Boost)  
  24  10:36  Probe (Chrono Boost)  
  24  10:38  Photon Cannon  
  24  10:43  Oracle  
  23  11:22  Oracle (Chrono Boost)  
  29  11:29  Probe  
  29  11:32  Oracle (Chrono Boost)  
  30  11:41  Probe  
  31  11:52  Oracle  
  31  11:54  Probe  
  35  12:04  Oracle  
  35  12:06  Probe  
  39  12:18  Probe  
  39  12:37  Oracle  
  39  12:39  Probe (Chrono Boost)  
  43  12:48  Probe (Chrono Boost)  
  44  12:53  Probe (Chrono Boost)  
  45  13:05  Probe  
  46  13:32  Oracle  
  45  13:45  Probe (Chrono Boost)  
  46  13:53  Pylon  
  46  13:54  Probe (Chrono Boost)  
  47  14:11  Pylon, Probe, Oracle  
  51  14:23  Probe  
  52  14:28  Pylon  
  45  15:16  Oracle x2  
  45  15:19  Nexus  
  51  15:23  Pylon  
  51  15:33  Pylon  
  51  15:53  Oracle  
  42  16:09  Oracle  
  45  16:12  Gateway  
  45  16:13  Gateway  
  45  16:16  Assimilator  
  45  16:20  Assimilator  
  45  16:25  Probe (Chrono Boost)  
  46  16:30  Pylon  
  46  16:34  Probe (Chrono Boost)  
  46  16:39  Probe (Chrono Boost)  
  48  16:56  Probe (Chrono Boost)  
  49  17:02  Zealot x2  
  54  17:08  Probe (Chrono Boost)  
  45  17:39  Oracle x2  
  51  17:48  Cybernetics Core  
  51  17:50  Pylon, Probe (Chrono Boost)  
  52  17:56  Probe (Chrono Boost)  
  53  18:04  Probe (Chrono Boost)  
  54  18:07  Pylon  
  54  18:13  Probe (Chrono Boost)  
  56  18:21  Probe (Chrono Boost)  
  56  18:24  Oracle  
  59  18:31  Probe  
  60  18:35  Twilight Council  
  60  19:07  Stalker  
  70  19:15  Stalker  
  72  19:17  Probe (Chrono Boost)  
  73  19:26  Probe (Chrono Boost)  
  73  19:28  Phoenix  
  73  19:29  Phoenix  
  70  19:45  Photon Cannon  
  70  19:46  Dark Shrine  
  70  19:47  Photon Cannon  
  70  19:53  Phoenix (Chrono Boost)  
  70  19:54  Phoenix (Chrono Boost)  
  74  20:05  Stargate  
  74  20:20  Phoenix x2  
  78  20:23  Stalker  
  80  20:45  Phoenix  
  76  20:57  Phoenix x2  
  76  20:59  Fleet Beacon  
  76  21:06  Dark Templar x2  
  80  21:16  Phoenix  
  52  21:57  Probe  
  53  22:09  Probe  
  52  22:21  Probe  
  51  22:33  Probe  
  48  22:45  Probe  
  47  23:07  Probe  
  47  23:08  Dark Templar x2  
  52  23:14  Photon Cannon  
  52  23:18  Photon Cannon  
  52  23:19  Pylon  
  42  23:47  Probe  
  43  23:51  Archon  
  43  23:52  Dark Templar x2  
  47  23:59  Probe  
  48  24:25  Probe  
  49  24:37  Probe  
  45  24:44  Archon, Dark Templar x2  
  47  24:49  Probe  
  47  24:51  Void Ray (Chrono Boost)  
  52  25:09  Pylon  
  52  25:10  Pylon  
  48  25:23  Dark Templar  
  48  25:24  Dark Templar  
  48  25:26  Archon  
  52  25:46  Probe  
  53  25:53  Pylon  
  53  25:54  Pylon  
  52  25:58  Probe  
  52  26:00  Photon Cannon  
  53  26:07  Archon  
  53  26:10  Probe  
Tags
 
Add a new tag
Caveats
  • Supply blocks, unpowered buildings, or Contaminate may cause inaccurate times.
  • Supply counts are checked every 10 seconds.